Map: [ESL] Dragon Scales

Players

Harstem

  • Race: Protoss Protoss
  • Spawn Location: 5:00

Wayne - Winner!

  • Race: Zerg Zerg
  • Spawn Location: 11:00

Event: ESL SC2 Masters 2023 Summer (Regionals)

VOD

Have the link to the VOD?

Description

Time

  • Played on: May 12, 2023, 12:40 p.m.
  • Length: 19:21

All games in this series

Show
View Real Time Build Order
Export as new Build Order

Harstem Protoss 

Build Orders: 1 Gate Expand, Mass Adepts 

Get SALT Encoding   

  12  0:00  Probe  
  13  0:12  Probe  
  14  0:20  Pylon  
  14  0:24  Probe  
  15  0:38  Probe (Chrono Boost)  
  15  0:40  Gateway  
  16  0:48  Probe (Chrono Boost)  
  17  0:51  Assimilator  
  17  0:53  Probe (Chrono Boost)  
  18  1:05  Probe  
  19  1:17  Probe  
  20  1:25  Nexus  
  20  1:36  Cybernetics Core  
  20  1:38  Probe  
  21  1:46  Assimilator  
  21  1:51  Probe  
  21  1:53  Pylon  
  22  2:03  Probe  
  23  2:09  Adept (Chrono Boost)  
  23  2:12  Warp Gate  
  23  2:15  Probe  
  26  2:25  Twilight Council  
  26  2:27  Probe  
  27  2:32  Adept (Chrono Boost)  
  29  2:39  Probe x2  
  31  2:51  Probe x2  
  32  2:53  Stalker (Chrono Boost)  
  32  2:54  Gateway  
  35  3:02  Resonating Glaives (Chrono Boost)  
  35  3:03  Probe x2  
  37  3:15  Probe x2  
  39  3:25  Gateway x2  
  39  3:27  Probe x2  
  39  3:33  Robotics Facility  
  41  3:38  Pylon  
  41  3:39  Probe  
  41  3:40  Probe  
  43  3:45  Pylon  
  43  3:52  Probe  
  43  3:53  Probe  
  43  3:58  Cybernetics Core  
  43  4:01  Adept x2  
  45  4:04  Probe  
  45  4:09  Probe  
  47  4:12  Assimilator  
  47  4:16  Warp Prism (Chrono Boost)  
  47  4:23  Adept x4  
  57  4:28  Pylon  
  57  4:34  Probe  
  58  4:44  Adept x2  
  62  4:46  Adept x2  
  62  4:49  Pylon, Robotics Bay  
  66  4:54  Probe  
  66  4:57  Assimilator  
  67  5:07  Adept x4  
  67  5:12  Pylon  
  75  5:18  Probe  
  77  5:21  Probe  
  77  5:31  Adept x4  
  73  5:36  Disruptor  
  76  5:47  Probe x2  
  76  5:59  Probe x2  
  76  6:02  Nexus  
  78  6:09  Disruptor (Chrono Boost)  
  78  6:11  Probe  
  78  6:13  Probe  
  78  6:14  Blink, Forge  
  78  6:17  Pylon  
  83  6:24  Probe  
  83  6:25  Probe  
  85  6:27  Pylon  
  73  6:34  Warp Prism (Chrono Boost)  
  73  6:36  Probe  
  76  6:42  Stalker x2  
  76  6:43  Probe  
  76  6:45  Pylon  
  76  6:46  Protoss Ground Weapons Level 1 (Chrono Boost)  
  75  6:48  Probe  
  76  6:55  Probe, Templar Archives  
  76  7:00  Probe  
  78  7:02  Shield Battery  
  78  7:04  Stalker  
  78  7:05  Stalker  
  81  7:08  Adept  
  66  7:23  Adept  
  66  7:25  Immortal  
  66  7:29  Adept x3  
  75  7:32  Probe (Chrono Boost)  
  75  7:34  Probe (Chrono Boost)  
  75  7:35  Probe (Chrono Boost)  
  74  7:44  Probe (Chrono Boost)  
  74  7:46  Probe (Chrono Boost)  
  74  7:47  Probe (Chrono Boost)  
  74  7:50  Pylon  
  77  7:52  Stalker  
  77  7:53  Probe x2 (Chrono Boost)  
  77  7:56  Probe (Chrono Boost)  
  82  7:58  Stalker x2  
  82  8:02  Stalker  
  82  8:03  Probe x2  
  90  8:15  Probe  
  90  8:16  Probe  
  90  8:19  Stalker  
  94  8:21  Assimilator  
  94  8:24  Assimilator  
  92  8:27  Stalker x3  
  92  8:29  Protoss Ground Weapons Level 2 (Chrono Boost)  
  92  8:30  Gateway  
  92  8:32  Gateway  
  99  8:39  Psionic Storm, Gateway  
  98  8:50  Stalker x3  
  98  8:52  Probe  
  98  8:54  Probe  
  106  9:00  Probe  
  107  9:04  Probe  
  107  9:05  Stalker  
  107  9:06  Probe  
  107  9:07  Shield Battery  
  109  9:17  Photon Cannon  
  109  9:18  High Templar x3  
  109  9:20  Pylon  
  115  9:26  Pylon  
  115  9:36  Probe  
  116  9:38  Immortal  
  116  9:41  Stalker x2  
  124  9:51  High Templar x2, Gateway  
  128  9:59  Photon Cannon  
  128  10:00  Nexus  
  128  10:02  High Templar x2  
  128  10:05  Pylon  
  132  10:09  Archon  
  132  10:10  Stalker x2  
  132  10:16  Pylon  
  132  10:18  Pylon  
  132  10:20  Probe  
  133  10:21  Shield Battery  
  133  10:24  Stalker x3  
  133  10:26  Probe  
  140  10:28  Probe  
  140  10:32  Probe  
  140  10:34  Stalker x3  
  147  10:48  Stalker x2  
  149  10:57  Stalker x4  
  145  11:01  Pylon  
  145  11:02  Protoss Ground Weapons Level 3 (Chrono Boost)  
  145  11:03  High Templar  
  149  11:06  Photon Cannon  
  147  11:22  Probe  
  148  11:27  Stalker x5  
  148  11:28  Stalker  
  148  11:32  Photon Cannon  
  156  11:40  Probe  
  156  11:41  Immortal (Chrono Boost)  
  156  11:46  Pylon  
  161  11:48  Pylon  
  161  11:52  Assimilator  
  161  11:53  High Templar  
  163  11:55  Assimilator  
  163  12:08  High Templar x3  
  163  12:09  Zealot x4  
  177  12:16  Gateway  
  177  12:19  Immortal  
  177  12:22  Probe  
  159  12:31  Archon  
  159  12:32  Archon  
  159  12:33  Probe  
  159  12:34  Probe  
  142  12:41  Stalker x5  
  119  12:54  High Templar  
  119  12:55  High Templar, Zealot  
  119  12:58  Probe x3  
  128  13:02  Archon  
  126  13:19  Zealot x6  
  99  13:31  Stalker x3  
  87  13:53  Stalker x4  
  86  14:01  High Templar x4  
  88  14:16  Nexus  
  86  14:20  Stalker  
  86  14:23  High Templar  
  86  14:24  High Templar  
  92  14:26  High Templar  
  92  14:27  High Templar  
  92  14:28  Archon  
  96  14:31  Archon  
  96  14:35  Dark Shrine  
  96  14:48  Nexus  
  94  15:02  Stalker x6  
  97  15:12  Archon  
  93  15:14  Stalker x3  
  91  15:38  Stalker x5  
  99  15:47  Disruptor (Chrono Boost)  
  98  16:00  Dark Templar x2  
  100  16:14  Disruptor  
  100  16:16  Nexus  
  100  16:17  High Templar  
  105  16:26  High Templar  
  105  16:32  Stalker x2  
  111  16:43  Probe  
  111  16:45  Stalker x2  
  84  17:18  Stalker x3  
  87  17:25  High Templar x2  
  85  17:40  Stalker  
  76  17:47  High Templar  
  47  18:42  Archon  
  45  18:51  Stalker x2  
Show
View Real Time Build Order
Export as new Build Order

Wayne Zerg - Winner!

Build Orders: Hatch First 

Get SALT Encoding   

  12  0:00  Drone  
  13  0:12  Overlord  
  13  0:16  Drone  
  14  0:30  Drone  
  14  0:31  Drone  
  16  0:39  Drone  
  17  0:51  Hatchery  
  17  0:55  Drone  
  17  0:59  Drone  
  18  1:09  Extractor  
  17  1:13  Spawning Pool  
  17  1:16  Drone  
  17  1:20  Drone  
  18  1:28  Drone  
  19  1:38  Drone  
  20  1:49  Overlord  
  20  2:00  Queen  
  22  2:03  Queen  
  22  2:04  Zergling x4  
  26  2:11  Drone  
  26  2:13  Metabolic Boost  
  27  2:15  Drone  
  27  2:22  Drone  
  29  2:25  Drone  
  30  2:35  Hatchery  
  29  2:39  Drone  
  29  2:41  Drone  
  31  2:46  Queen  
  33  2:51  Overlord  
  33  2:54  Drone  
  33  2:57  Zergling x2  
  35  3:02  Zergling x2  
  36  3:09  Queen  
  36  3:10  Zergling x2  
  36  3:11  Drone x2  
  41  3:14  Drone  
  41  3:18  Overlord  
  42  3:22  Evolution Chamber  
  42  3:25  Drone  
  42  3:26  Drone x2  
  44  3:34  Roach Warren  
  44  3:37  Extractor  
  44  3:38  Drone x2  
  44  3:44  Drone  
  44  3:47  Drone x2  
  45  3:57  Drone x2  
  45  4:00  Drone x2  
  45  4:01  Drone x2, Overlord  
  49  4:16  Roach x3  
  55  4:19  Zergling x4  
  57  4:24  Spore Crawler  
  57  4:25  Spore Crawler  
  57  4:26  Zergling x6  
  58  4:33  Zergling x10  
  62  4:38  Ravager  
  62  4:39  Overlord, Ravager x2  
  62  4:44  Overlord  
  65  4:56  Zergling x2  
  65  4:58  Zergling x16  
  73  5:08  Zergling x12  
  79  5:16  Zergling x2  
  79  5:17  Zergling x6  
  81  5:22  Overlord  
  81  5:28  Zergling x10  
  80  5:32  Drone x4  
  73  5:43  Drone x4  
  75  5:54  Zergling x6  
  78  5:58  Lair  
  78  6:07  Drone x5  
  78  6:08  Drone  
  84  6:11  Drone  
  84  6:12  Hatchery  
  84  6:13  Drone  
  84  6:16  Evolution Chamber  
  84  6:18  Drone x3  
  87  6:22  Evolution Chamber  
  87  6:23  Extractor  
  84  6:26  Overlord  
  84  6:29  Overlord  
  76  6:41  Zergling x10  
  76  6:46  Zerg Melee Weapons Level 1  
  76  6:47  Drone x5  
  84  6:51  Drone x3  
  84  6:52  Drone  
  88  7:00  Extractor  
  88  7:01  Zerg Missile Weapons Level 1  
  87  7:03  Drone x5  
  92  7:14  Overlord  
  89  7:16  Overlord  
  89  7:17  Drone  
  89  7:19  Drone x4  
  89  7:22  Glial Reconstitution  
  90  7:23  Extractor  
  90  7:25  Extractor  
  88  7:34  Overlord  
  84  7:37  Overlord  
  84  7:39  Zergling x12  
  80  7:49  Baneling Nest  
  80  7:50  Zergling x20  
  86  7:58  Queen  
  86  8:02  Drone  
  86  8:03  Drone x8  
  97  8:08  Roach  
  97  8:09  Roach x2  
  103  8:15  Queen  
  102  8:21  Overlord  
  102  8:23  Roach x3  
  107  8:27  Hatchery  
  107  8:30  Roach x3  
  112  8:35  Centrifugal Hooks  
  112  8:41  Zergling x18  
  119  8:44  Drone  
  119  8:45  Drone x2  
  119  8:48  Baneling x6  
  119  8:59  Zergling x18  
  119  9:00  Zergling x2  
  124  9:03  Drone  
  124  9:04  Drone x2  
  124  9:05  Drone  
  124  9:06  Drone  
  127  9:14  Drone  
  127  9:15  Drone x5  
  132  9:19  Ravager x4  
  132  9:24  Roach x4  
  142  9:28  Zerg Melee Weapons Level 2  
  128  9:31  Roach x3  
  128  9:34  Ravager x4  
  128  9:36  Roach x2  
  142  9:40  Roach x3  
  142  9:44  Zerg Missile Weapons Level 2  
  148  9:46  Baneling  
  148  9:47  Baneling x6  
  148  9:48  Ravager  
  148  9:49  Ravager x3  
  148  9:52  Zergling x6  
  155  9:58  Overlord  
  155  9:59  Overlord x3  
  155  10:00  Zergling x2  
  155  10:02  Zergling x2  
  157  10:09  Baneling x8  
  157  10:10  Baneling  
  157  10:11  Baneling x12  
  156  10:17  Roach x5  
  166  10:22  Baneling x7  
  166  10:33  Zergling x24  
  165  10:45  Zergling x12  
  144  10:52  Zergling x14  
  123  10:58  Roach x10  
  123  11:02  Baneling x7  
  136  11:06  Roach x2  
  136  11:08  Ravager  
  136  11:09  Ravager x2  
  143  11:11  Zergling x10  
  143  11:16  Roach x3  
  148  11:19  Roach x3  
  154  11:25  Zergling x8  
  154  11:26  Zergling x6  
  154  11:31  Baneling x12  
  160  11:38  Zergling x16  
  161  11:45  Zergling x10  
  161  11:46  Zergling x4  
  167  11:47  Baneling  
  167  11:48  Baneling x3  
  167  11:52  Zergling x6  
  167  11:53  Baneling x6  
  169  11:59  Zergling x6  
  166  12:06  Zergling x16  
  162  12:09  Roach  
  162  12:10  Roach x2  
  162  12:13  Ravager  
  162  12:14  Ravager x6  
  173  12:20  Zergling x16  
  178  12:24  Zergling x6  
  173  12:35  Zergling x14  
  153  12:38  Zergling x14  
  149  12:49  Roach x6  
  130  12:51  Roach  
  130  12:52  Roach  
  130  12:56  Roach x2  
  130  12:57  Baneling x16  
  131  13:00  Roach x2  
  131  13:04  Roach x3  
  141  13:08  Roach x2  
  138  13:18  Roach x2, Zergling x6  
  138  13:19  Roach x2, Zergling x2  
  130  13:20  Zergling x4  
  130  13:21  Roach x2  
  130  13:25  Zergling x2  
  125  13:28  Roach x2, Zergling x4  
  125  13:30  Zergling x2  
  125  13:31  Roach, Zergling x4  
  125  13:32  Zergling x2  
  129  13:35  Roach, Zergling x4  
  129  13:36  Zergling x2  
  129  13:38  Zergling x4  
  129  13:39  Zergling x4  
  115  13:42  Zergling x4  
  115  13:47  Roach, Zergling x4  
  110  13:48  Queen  
  110  13:52  Queen  
  110  13:55  Zergling x4  
  105  13:57  Zergling x2  
  105  13:58  Zergling x2  
  95  14:03  Zergling x8  
  95  14:07  Zergling x4  
  101  14:13  Roach x2  
  101  14:16  Baneling  
  105  14:19  Ravager x7  
  105  14:21  Roach x2  
  114  14:25  Roach x3  
  114  14:28  Roach  
  122  14:33  Zergling x8  
  124  14:40  Drone x2  
  124  14:41  Drone x3  
  123  14:47  Roach x2, Zergling x2  
  124  14:58  Roach x7  
  130  15:02  Roach, Zergling x4  
  125  15:07  Zergling x8  
  123  15:18  Roach x4  
  117  15:21  Ravager  
  117  15:24  Drone x5  
  108  15:31  Roach  
  108  15:32  Ravager x5  
  108  15:34  Ravager x3  
  115  15:36  Roach x3  
  115  15:42  Roach x2  
  124  15:45  Zergling x2  
  124  15:46  Roach  
  124  15:48  Roach, Zergling x2  
  125  15:55  Zergling x8  
  121  15:58  Zergling x6  
  121  15:59  Ravager  
  121  16:01  Zergling x4  
  127  16:05  Zergling x8  
  131  16:12  Zergling x6  
  131  16:17  Baneling x7  
  133  16:19  Zergling x2  
  133  16:23  Zergling x8  
  133  16:25  Overseer  
  136  16:26  Queen  
  137  16:35  Zergling x6  
  137  16:39  Roach x4  
  143  16:42  Spore Crawler  
  134  16:52  Zergling x12  
  134  16:53  Baneling x2  
  139  16:59  Drone  
  139  17:00  Drone  
  134  17:06  Zergling x2  
  134  17:07  Zergling x4  
  136  17:21  Zergling x8  
  136  17:26  Overseer  
  135  17:35  Zergling x14  
  130  17:42  Zergling x10  
  122  17:55  Zergling x14  
  118  18:06  Zergling x2  
  118  18:07  Zergling x6  
  115  18:14  Roach x3  
  115  18:17  Hatchery  
  115  18:19  Roach  
  118  18:26  Roach, Baneling x7  
  120  18:31  Spore Crawler  
  119  18:41  Roach x3, Zergling x8  
  101  18:44  Zergling x4  
  86  18:50  Roach x2, Zergling x2  
  86  18:52  Roach, Zergling x2  
  86  18:56  Zergling x4  
  86  18:57  Zergling x2  
  86  19:00  Roach  
  87  19:03  Zergling x2  
  87  19:04  Zergling x2  
Tags
 
Add a new tag
Caveats
  • Supply blocks, unpowered buildings, or Contaminate may cause inaccurate times.
  • Supply counts are checked every 10 seconds.